 Dungeon Crawl Stone Soup version 0.28-a0-313-gbc0475efdd (webtiles) character file.

Game seed: 3655563405343980891

19728 frimble the Frost Mage (level 12, -5/91 HPs)
             Began as a Gnoll Ice Elementalist on Sept 1, 2021.
             Was a High Priest of Cheibriados.
             Slain by a bog body (14 damage)
             ... on level 2 of the Lair of Beasts.
             The game lasted 00:18:43 (13177 turns).

frimble the Frost Mage (Gnoll Ice Elementalist)    Turns: 13177, Time: 00:18:44

Health: -5/91      AC: 23    Str: 20    XL:     12   Next: 72%
Magic:  11/25      EV: 19    Int: 36    God:    Cheibriados [*****.]
Gold:   867        SH:  0    Dex: 23    Spells: 22/29 levels left

rFire   . . .      SeeInvis .   I - +4 scimitar (flame)
rCold   . . .      Faith    .   (no shield)
rNeg    + + .      Spirit   .   h - +2 leather armour "Jaxzim" {rN++ Regen+}
rPois   .          Reflect  .   (no helmet)
rElec   .          Harm     .   v - +1 cloak {Stlth+}
rCorr   .          Rampage  .   q - +1 pair of gloves
Will    .....                   (no boots)
Stlth   +++++.....              (no amulet)
HPRegen 1.25/turn               N - +4 ring of protection
MPRegen 0.19/turn               C - +6 ring of intelligence

@: ice-armoured, very slow
A: fangs 1, strong nose, distributed training
a: Renounce Religion, Bend Time, Temporal Distortion, Slouch, Step From Time


You were on level 2 of the Lair of Beasts.
You worshipped Cheibriados.
Cheibriados was extremely pleased with you.
You visited 2 branches of the dungeon, and saw 14 of its levels.
You also visited: Sewer and Ossuary.

You collected 964 gold pieces.
You spent 97 gold pieces at shops.

Inventory:

Hand Weapons
 b - a +1 rapier of flaming
 F - a +0 dagger of electrocution
 I - a +4 scimitar of flaming (weapon)
Missiles
 a - 2 curare-tipped darts
 K - a throwing net
Armour
 h - the +2 leather armour "Jaxzim" (worn) {rN++ Regen+}
   (You found it on level 6 of the Dungeon)

   rN:        It greatly protects you from negative energy.
   Regen:     It increases your rate of health regeneration.
 q - a +1 pair of gloves (worn)
 v - a +1 cloak of stealth (worn)
Jewellery
 C - a +6 ring of intelligence (right hand)
 M - a ring of ice
 N - a +4 ring of protection (left hand)
Wands
 m - a wand of acid (2)
 t - a wand of flame (29)
 u - a wand of iceblast (14)
 y - a wand of polymorph (11)
 G - a wand of paralysis (13)
Scrolls
 e - 3 scrolls of fog
 r - 3 scrolls of teleportation
 w - 5 scrolls of identify
 x - 6 scrolls of magic mapping
 z - 2 scrolls of amnesia
 B - 3 scrolls of enchant weapon
 E - a scroll of blinking
 H - a scroll of holy word
 J - a scroll of enchant armour
Potions
 c - a potion of berserk rage
 d - 5 potions of curing
 f - 3 potions of might
 g - 3 potions of degeneration
 i - a potion of attraction {unknown}
 j - 2 potions of ambrosia {unknown}
 k - 3 potions of lignification {unknown}
 l - 3 potions of heal wounds
 o - 3 potions of flight
 p - 2 potions of magic {unknown}
 s - 2 potions of resistance {unknown}
 A - a potion of cancellation {unknown}
 D - 4 potions of haste
 L - a potion of brilliance {unknown}


   Skills:
 + Level 7.5 Fighting
 + Level 7.5 Short Blades
 + Level 7.5 Long Blades
 + Level 7.5 Axes
 + Level 7.5 Maces & Flails
 + Level 7.5 Polearms
 + Level 7.5 Staves
 + Level 7.5 Slings
 + Level 7.5 Bows
 + Level 7.5 Crossbows
 + Level 7.5 Throwing
 + Level 7.5 Armour
 + Level 8.9 Dodging
 + Level 8.7 Stealth
 + Level 7.5 Shields
 + Level 7.5 Unarmed Combat
 + Level 9.1 Spellcasting
 + Level 6.3 Conjurations
 + Level 6.3 Hexes
 + Level 6.3 Summonings
 + Level 6.3 Necromancy
 + Level 6.3 Translocations
 + Level 6.3 Transmutations
 + Level 6.3 Fire Magic
 + Level 9.5 Ice Magic
 + Level 6.3 Air Magic
 + Level 6.3 Earth Magic
 + Level 6.3 Poison Magic
 + Level 8.3 Invocations
 + Level 7.5 Evocations


You had 22 spell levels left.
You knew the following spells:

 Your Spells              Type           Power      Damage    Failure   Level
a - Freeze                Ice            100%       1d11      1%          1
b - Frozen Ramparts       Ice            100%       1d12      1%          3
c - Ozocubu's Armour      Ice            71%        N/A       1%          3

Your spell library contained the following spells:

 Spells                   Type           Power      Damage    Failure   Level
 Foxfire                  Conj/Fire      100%       2x1d9     1%          1
 Ensorcelled Hibernation  Hex/Ice        100%       N/A       1%          2
 Static Discharge         Conj/Air       58%        N/A       1%          2
 Conjure Flame            Conj/Fire      58%        6-21      1%          3
 Spider Form              Tmut/Pois      29%        N/A       1%          3
 Hailstorm                Conj/Ice       65%        3d14      1%          4
 Olgreb's Toxic Radiance  Pois           58%        N/A       2%          4
 Lightning Bolt           Conj/Air       29%        1d45      6%          5
 Ignition                 Fire           29%        3d9       100%        8
 Maxwell's Capacitive Co  Air            29%        ∞         100%        8


Dungeon Overview and Level Annotations

Branches:
Dungeon (12/15)            Temple (0/1) D:4            Lair (2/6) D:11
    Orc (0/2) D:10          Sewer (visited)         Ossuary (visited)
  Swamp: Lair:2-4    Shoals: Lair:2-4     Snake: Lair:2-4    Spider: Lair:2-4

Altars:
Cheibriados
Kikubaaqudgha
Qazlal
Ru
Vehumet
Wu Jian

Shops:
D:7 ?

Annotations:
D:8 Gastronok


Innate Abilities, Weirdness & Mutations

You have very sharp teeth.
Your uncanny sense of smell can sniff out nearby items.
Your experience applies equally to all skills.


Message History

Press: ? - help, Shift-Dir - straight line, p - swamp worm The mass of ice explodes!
The iceblast engulfs the swamp worm!!
You kill the swamp worm!
Cheibriados thoroughly appreciates the change of pace.
You can now step out of the flow of time.
Cheibriados raises the support of your attributes as your movement slows.
The iceblast engulfs the swamp worm!!
You kill the swamp worm!
Cheibriados thoroughly appreciates the change of pace.
You hear a bellow!
You hear a howl!
The bog body gestures at you while chanting.
You resist with significant effort.
There is a stone staircase leading down here.
Casting: Ozocubu's Armour (safe; 1% risk of failure)
Confirm with . or Enter, or press ? or * to list all spells.
A film of ice covers your body! The bog body casts a spell at you.
The bolt of cold misses you.
You hear a howl!
A yak comes into view.
The yak bellows!
You slash the yak! You burn the yak. Your punch misses the yak.
The yak is heavily wounded.
A yak comes into view.
The yak gores you but does no damage.
You slash the yak! You burn the yak. Your bite misses the yak.
The yak is almost dead.
The bog body touches you! The bog body freezes you!!
* * * LOW HITPOINT WARNING * * *
The yak misses you.
Your icy armour will break if you move.
Continue?
Okay, then.
You slash the yak! You burn the yak.
You kill the yak!
Cheibriados appreciates the change of pace.
A yak comes into view.
The bog body touches you.
* * * LOW HITPOINT WARNING * * *
The bog body freezes you!
You die...

#...###.....###
#.......)...P.#.
#............Y.
#..........Y.#
##........†Y..#
#...).....†.## ∆
#.....h.....#
.#.....n†...##
#......@.....##
#P..........#.#
##..).........#
P...............
#.............).
#######P..#.#.P.
######.### ##


You could see a bog body, 3 yaks and a wolf.

Vanquished Creatures
  A hydra (Lair:2)
  Erica (D:8)
  A two-headed ogre (D:10)
  Sonja (D:10)
  2 manticores (D:11)
  2 cyclopes (D:12)
  Maurice (D:8)
  An elephant (D:11)
  2 black mambas
  A cane toad (Lair:1)
  A gargoyle (D:12)
  2 komodo dragons
  2 rime drakes
  2 hornets
  10 blink frogs (Lair:1)
  A shadow (D:10)
  24 yaks
  A wraith (D:11)
  2 wyverns
  A basilisk (D:11)
  A steam dragon (D:7)
  2 swamp worms (Lair:2)
  An acid dragon (D:11)
  4 water moccasins
  Edmund (D:6)
  3 sky beasts
  7 orc warriors
  A black bear (D:11)
  2 ice beasts (D:6)
  A hornet zombie (D:6)
  2 necrophages
  18 wolves
  A centaur (D:7)
  3 kobold brigands
  Blork the orc (D:4)
  3 elf zombies (Ossuary)
  A bullfrog (Lair:1)
  A wyvern zombie (D:7)
  3 scorpions
  2 wyvern skeletons
  5 killer bees (D:9)
  4 wights (D:8)
  2 howler monkeys
  2 bullfrog zombies (D:5)
  3 centaur zombies
  3 hounds
  Crazy Yiuf (D:6)
  2 centaur skeletons
  6 orc priests
  A human zombie (Ossuary)
  A bullfrog skeleton (D:5)
  3 iguanas
  11 orc wizards
  A killer bee zombie (D:8)
  A hound zombie (Ossuary)
  4 mummies (Ossuary)
  3 gnolls (D:5)
  2 howler monkey skeletons (D:5)
  A river rat (Sewer)
  3 adders
  A shadow imp (D:7)
  A white imp (D:7)
  An ufetubus (D:2)
  An adder zombie (Ossuary)
  2 worms
  2 dart slugs
  30 orcs
  6 endoplasms
  A gnoll zombie (Ossuary)
  3 goblins
  6 hobgoblins
  A jackal (Sewer)
  15 kobolds
  A quokka (D:1)
  8 ball pythons
  5 bats
  4 frilled lizards
  3 hobgoblin zombies (Ossuary)
  A jackal zombie (Ossuary)
  A kobold zombie (Ossuary)
  7 rats
276 creatures vanquished.

Vanquished Creatures (others)
  An orc wizard (D:7)
  2 bushes (Lair:2)
  9 fungi
  7 plants
19 creatures vanquished.

Grand Total: 295 creatures vanquished

Notes
Turn   | Place    | Note
-------+----------+-------------------------------------------
     0 | D:1      | frimble the Gnoll Ice Elementalist began the quest for the
                  | Orb.
     0 | D:1      | Reached XP level 1. HP: 13/13 MP: 6/6
   573 | D:1      | Reached XP level 2. HP: 13/19 MP: 5/7
   874 | D:1      | Found a faded altar of an unknown god.
  1310 | D:2      | Reached skill level 5 in Spellcasting
  1310 | D:2      | Reached XP level 3. HP: 3/25 MP: 2/9
  1690 | D:2      | Reached skill level 1 in Invocations
  2588 | D:2      | Reached skill level 1 in Fighting
  2588 | D:2      | Reached skill level 1 in Short Blades
  2588 | D:2      | Reached skill level 1 in Long Blades
  2588 | D:2      | Reached skill level 1 in Axes
  2588 | D:2      | Reached skill level 1 in Maces & Flails
  2588 | D:2      | Reached skill level 1 in Polearms
  2588 | D:2      | Reached skill level 1 in Staves
  2588 | D:2      | Reached skill level 1 in Slings
  2588 | D:2      | Reached skill level 1 in Bows
  2588 | D:2      | Reached skill level 1 in Crossbows
  2588 | D:2      | Reached skill level 1 in Throwing
  2588 | D:2      | Reached skill level 1 in Armour
  2588 | D:2      | Reached skill level 1 in Shields
  2588 | D:2      | Reached skill level 1 in Unarmed Combat
  2588 | D:2      | Reached skill level 1 in Evocations
  2870 | D:3      | Learned a level 3 spell: Frozen Ramparts
  2874 | D:3      | Learned a level 3 spell: Ozocubu's Armour
  3092 | D:3      | Reached XP level 4. HP: 16/32 MP: 7/11
  3610 | D:4      | Noticed a scorpion
  3626 | D:4      | Killed a scorpion
  3627 | D:4      | Reached skill level 1 in Conjurations
  3627 | D:4      | Reached skill level 1 in Hexes
  3627 | D:4      | Reached skill level 1 in Summonings
  3627 | D:4      | Reached skill level 1 in Necromancy
  3627 | D:4      | Reached skill level 1 in Translocations
  3627 | D:4      | Reached skill level 1 in Transmutations
  3627 | D:4      | Reached skill level 1 in Fire Magic
  3627 | D:4      | Reached skill level 1 in Air Magic
  3627 | D:4      | Reached skill level 1 in Earth Magic
  3627 | D:4      | Reached skill level 1 in Poison Magic
  3627 | D:4      | Reached XP level 5. HP: 33/37 MP: 8/12
  4297 | D:4      | Found a staircase to the Ecumenical Temple.
  4679 | D:4      | Reached XP level 6. HP: 44/44 MP: 13/13
  4693 | D:4      | Noticed Blork the orc
  4701 | D:4      | Killed Blork the orc
  4702 | D:4      | Reached skill level 5 in Dodging
  5170 | D:5      | Entered Level 5 of the Dungeon
  5322 | D:5      | HP: 1/44 [bullfrog zombie (5)]
  5570 | D:5      | Reached XP level 7. HP: 15/50 MP: 8/15
  5584 | D:5      | Found a glowing drain.
  5598 | Sewer    | Entered a sewer
  5876 | Sewer    | Found a white marble altar of Elyvilon.
  6420 | D:6      | Found an ornate altar of the Wu Jian Council.
  6450 | D:6      | Found a radiant altar of Vehumet.
  6533 | D:6      | Noticed Edmund
  6537 | D:6      | Reached skill level 5 in Stealth
  6548 | D:6      | Killed Edmund
  6549 | D:6      | Reached XP level 8. HP: 10/57 MP: 8/16
  6556 | D:6      | Identified the +2 leather armour "Jaxzim" {rN++ Regen+}
  7242 | D:6      | Found a snail-covered altar of Cheibriados.
  7261 | D:6      | Found a sacrificial altar of Ru.
  7268 | D:6      | Became a worshipper of Cheibriados the Contemplative
  7360 | D:6      | Found a runed translucent door.
  7361 | D:6      | Noticed Crazy Yiuf
  7515 | D:6      | Killed Crazy Yiuf
  7600 | D:7      | Reached XP level 9. HP: 61/65 MP: 14/18
  7839 | D:7      | You fall into a shaft and drop 3 floors!
  7839 | D:10     | Entered Level 10 of the Dungeon
  7869 | D:10     | Noticed Sonja
  7951 | D:8      | Identified the +1 rapier "Afodd" {pain, +Blink Str+4}
  7965 | D:8      | Noticed Gastronok
  7989 | D:7      | Found a sand-covered staircase.
  7996 | Ossuary  | Entered an ossuary
  8031 | Ossuary  | Reached * piety under Cheibriados
  8494 | D:7      | Found Saothry's Magic Scroll Boutique.
  8503 | D:7      | Bought a scroll of blinking for 97 gold pieces
  8696 | D:8      | Noticed Maurice
  8752 | D:9      | Reached skill level 5 in Invocations
  8874 | D:9      | Found a stormy altar of Qazlal.
  8902 | D:9      | Reached XP level 10. HP: 69/73 MP: 17/20
  8904 | D:9      | Reached skill level 5 in Fighting
  8904 | D:9      | Reached skill level 5 in Short Blades
  8904 | D:9      | Reached skill level 5 in Long Blades
  8904 | D:9      | Reached skill level 5 in Axes
  8904 | D:9      | Reached skill level 5 in Maces & Flails
  8904 | D:9      | Reached skill level 5 in Polearms
  8904 | D:9      | Reached skill level 5 in Staves
  8904 | D:9      | Reached skill level 5 in Slings
  8904 | D:9      | Reached skill level 5 in Bows
  8904 | D:9      | Reached skill level 5 in Crossbows
  8904 | D:9      | Reached skill level 5 in Throwing
  8904 | D:9      | Reached skill level 5 in Armour
  8904 | D:9      | Reached skill level 5 in Shields
  8904 | D:9      | Reached skill level 5 in Unarmed Combat
  8904 | D:9      | Reached skill level 5 in Evocations
  8937 | D:9      | Reached ** piety under Cheibriados
  8994 | D:9      | Paralysed by a hornet for 2 turns
  9090 | D:9      | Found an ancient bone altar of Kikubaaqudgha.
  9780 | D:8      | Noticed a centaur warrior
  9785 | D:8      | Noticed Erica
  9860 | D:8      | Killed Maurice
  9889 | D:8      | Paralysed by something for 2 turns
  9894 | D:8      | Killed Erica
 10163 | D:10     | Killed Sonja
 10202 | D:10     | Reached XP level 11. HP: 70/81 MP: 16/22
 10202 | D:10     | Reached *** piety under Cheibriados
 10395 | D:10     | Noticed a two-headed ogre
 10403 | D:10     | Killed a two-headed ogre
 10404 | D:10     | Reached skill level 5 in Conjurations
 10404 | D:10     | Reached skill level 5 in Hexes
 10404 | D:10     | Reached skill level 5 in Summonings
 10404 | D:10     | Reached skill level 5 in Necromancy
 10404 | D:10     | Reached skill level 5 in Translocations
 10404 | D:10     | Reached skill level 5 in Transmutations
 10404 | D:10     | Reached skill level 5 in Fire Magic
 10404 | D:10     | Reached skill level 5 in Air Magic
 10404 | D:10     | Reached skill level 5 in Earth Magic
 10404 | D:10     | Reached skill level 5 in Poison Magic
 10556 | D:10     | Paralysed by a hornet for 1 turns
 10748 | D:10     | Got the Tome of Fiery Toxins
 10887 | D:10     | Found a staircase to the Orcish Mines.
 11122 | D:11     | Reached **** piety under Cheibriados
 11160 | D:11     | Found a staircase to the Lair.
 11225 | D:11     | Noticed a manticore
 11239 | D:11     | Killed a manticore
 11640 | D:11     | Noticed a manticore
 11649 | D:11     | Killed a manticore
 11766 | D:12     | Noticed a cyclops
 11782 | D:12     | Killed a cyclops
 11921 | D:12     | Noticed a cyclops
 11926 | D:12     | Killed a cyclops
 11927 | D:12     | Reached XP level 12. HP: 49/89 MP: 19/24
 12040 | Lair:1   | Entered Level 1 of the Lair of Beasts
 12682 | Lair:1   | Reached ***** piety under Cheibriados
 12951 | Lair:2   | Noticed a seven-headed hydra
 12968 | Lair:2   | Killed a one-headed hydra
 13145 | Lair:2   | Noticed a six-headed hydra
 13158 | Lair:2   | HP: 3/91 [swamp worm/harpoon shot (19)]
 13177 | Lair:2   | Slain by a bog body

Illustrated notes

Levels and vault maps discovered:
D:1:      heliophobic_arrival_battle_scene, layout_basic,
          chequers_ecumenical_altar_twisty, glass_columns_b
D:2:      layout_loops_ring, st_stairs_1, grunt_decor_clamped
D:3:      layout_rooms
D:4:      layout_loops_corners, minmay_temple_entry_stoned_glass,
          chequers_serial_rivers_large_a, minmay_fountain_box,
          grunt_ministairs_9, uniq_blork_the_orc
D:5:      layout_gridville, cheibrodos_sewer_entry_sluice,
          minmay_strange_pillars
D:6:      layout_basic, mainiacjoe_overflow_tiny_flanked, fiery_altar_vehumet,
          chequers_temple_overflow_statue_of_worship, uniq_edmund,
          uniq_crazy_yiuf_cottage
D:7:      layout_loops_ring, nicolae_ossuary_entry_monument, serial_shops,
          shop_fountains, kennysheep_crisscross
D:8:      layout_cave_pools, wad_dig_loot, uniq_maurice, uniq_gastronok,
          uniq_erica
D:9:      layout_loops_ring, grunt_qazlal_clouds,
          nicolae_kikubaaqudgha_miasma_corner
D:10:     layout_gridville, david_orc_4, uniq_sonja
D:11:     layout_rooms, david_lair_generic
D:12:     layout_long_grid
Lair:1:   layout_roguey, grunt_megastairs_4
Lair:2:   layout_chaotic_city, nicolae_swamp_entry_splash_gauntlet, minivault_11

Skill      XL: |  1  2  3  4  5  6  7  8  9 10 11 12 |
---------------+-------------------------------------+-----
Spellcasting   | 5 6 7 8 9 |  9.1
Invocations    | 1 2 3 4 5 6 7 8 |  8.3
Fighting       | 1 2 3 4 5 6 7 |  7.5
Short Blades   | 1 2 3 4 5 6 7 |  7.5
Long Blades    | 1 2 3 4 5 6 7 |  7.5
Axes           | 1 2 3 4 5 6 7 |  7.5
Maces & Flails | 1 2 3 4 5 6 7 |  7.5
Polearms       | 1 2 3 4 5 6 7 |  7.5
Staves         | 1 2 3 4 5 6 7 |  7.5
Slings         | 1 2 3 4 5 6 7 |  7.5
Bows           | 1 2 3 4 5 6 7 |  7.5
Crossbows      | 1 2 3 4 5 6 7 |  7.5
Throwing       | 1 2 3 4 5 6 7 |  7.5
Armour         | 1 2 3 4 5 6 7 |  7.5
Shields        | 1 2 3 4 5 6 7 |  7.5
Unarmed Combat | 1 2 3 4 5 6 7 |  7.5
Evocations     | 1 2 3 4 5 6 7 |  7.5
Conjurations   | 1 2 3 4 5 6 |  6.3
Hexes          | 1 2 3 4 5 6 |  6.3
Summonings     | 1 2 3 4 5 6 |  6.3
Necromancy     | 1 2 3 4 5 6 |  6.3
Translocations | 1 2 3 4 5 6 |  6.3
Transmutations | 1 2 3 4 5 6 |  6.3
Fire Magic     | 1 2 3 4 5 6 |  6.3
Air Magic      | 1 2 3 4 5 6 |  6.3
Earth Magic    | 1 2 3 4 5 6 |  6.3
Poison Magic   | 1 2 3 4 5 6 |  6.3
Dodging        | 5 6 7 8 |  8.9
Stealth        | 5 6 7 8 |  8.7
Ice Magic      | 8 9 |  9.5

Action                   |  1- 3 |  4- 6 |  7- 9 | 10-12 || total
-------------------------+-------+-------+-------+-------++-------
Melee: Unarmed           |    48 |       |       |       ||    48
       Bite              |     9 |     6 |    20 |    66 ||   101
       Staff             |    42 |       |       |       ||    42
       Dagger            |    14 |    19 |       |       ||    33
       Long sword        |       |    73 |   293 |    13 ||   379
       Punch             |       |       |     2 |    12 ||    14
       Rapier            |       |       |       |   117 ||   117
       Scimitar          |       |       |       |   274 ||   274
Throw: Throwing net      |       |     1 |       |       ||     1
 Cast: Freeze            |    31 |     7 |    19 |       ||    57
       Frozen Ramparts   |     1 |     5 |     9 |    24 ||    39
       Ozocubu's Armour  |       |     1 |     4 |    15 ||    20
Invok: Bend Time         |       |       |       |     1 ||     1
       Slouch            |       |       |       |     1 ||     1
       Temporal Distorti |       |       |       |     1 ||     1
       Step From Time    |       |       |       |     1 ||     1
Evoke: Wand              |       |       |       |     7 ||     7
  Use: Scroll            |     2 |     6 |     6 |     4 ||    18
       Potion            |       |     2 |     4 |     2 ||     8
 Stab: Sleeping          |     5 |     1 |     8 |     8 ||    22
       Paralysed         |       |       |       |     3 ||     3
Armor: Robe              |    19 |    13 |       |       ||    32
       Ring mail         |       |    40 |    56 |       ||    96
       Leather armour    |       |       |   110 |   178 ||   288
Dodge: Dodged            |   107 |   119 |   311 |   512 ||  1049

Table legend: (Time is in decaauts)
 A = Elapsed time spent in this place.
 B = Non-inter-level travel time spent in this place.
 C = Inter-level travel time spent in this place.
 D = Time resting spent in this place.
 E = Time spent auto-exploring this place.
 F = Levels seen in this place.
 G = Mean time per level.
                   A        B        C        D        E       F      G
               +--------+--------+--------+--------+--------+-----+--------+
         Total |  15570 |  14983 |    587 |      0 |  12108 |  16 |  973.1 |
       Dungeon |  13198 |  12644 |    554 |      0 |  10369 |  12 | 1099.8 |
          Lair |   1693 |   1660 |     33 |      0 |   1346 |   2 |  846.5 |
         Sewer |    420 |    420 |      0 |      0 |    292 |   1 |  420.0 |
       Ossuary |    256 |    256 |      0 |      0 |     99 |   1 |  256.0 |
               +--------+--------+--------+--------+--------+-----+--------+

Top non-repeatable levels by time:
     D:4: 1598 daAuts
     D:1: 1516 daAuts
    D:10: 1369 daAuts
     D:2: 1352 daAuts
  Lair:1: 1341 daAuts
     D:9: 1217 daAuts
     D:5: 1128 daAuts
    D:11: 1017 daAuts
     D:7: 1007 daAuts
     D:6: 992 daAuts
     D:8: 921 daAuts
     D:3: 726 daAuts
   Sewer: 420 daAuts
  Lair:2: 352 daAuts
    D:12: 351 daAuts
